AoeStats
← Memory

Fortress

509922899Analyzed
4v4 RM · 5d ago on Sep 28, 2026· 22m 26s· 8 players
Game mode
Random Map
Map size
Huge
Population
200
Speed
Normal
Resources
Standard
Victory
Conquest
Starting age
Dark Age
Ending age
Imperial Age
RankedLock teamsTeams togetherTeam positionsShared explorationLock speedFull tech treeHidden civsTurbo modeCheats
Victory
Defeat
🇲🇽 Ethiopians · Mexico
1060
+14
🇵🇰 Huns · Pakistan
990
+17
🇵🇰 Bohemians · Pakistan
979
+17
🇫🇷 Franks · France
977
+17
🇷🇺 Burgundians · Russia
1047
-17
🇹🇷 Turks · Türkiye
1007
-16
🇹🇷 Persians · Türkiye
1006
-16
🇫🇷 Teutons · France
989
-16
karaokur
0:34 Loom
9:29 Feudal Age
11:14 Wheelbarrow
10:28 Double-Bit Axe
10:26 Horse Collar
18:12 Castle Age
16:42 Fletching
16:53 Padded Archer Armor
Sairax
8:16 Feudal Age
7:24 Horse Collar
7:32 Double-Bit Axe
7:59 Stone Mining
10:25 Loom
12:45 Castle Age
11:19 Bow Saw
12:54 Heavy Plow
15:03 Loom
15:42 Fervor
15:37 Gold Mining
16:05 Forging
16:00 Scale Barding Armor
15:59 Husbandry
18:09 Wheelbarrow
19:54 Iron Casting
19:39 Chain Barding Armor
MAD
1:00 Loom
6:31 Feudal Age
7:56 Wheelbarrow
7:04 Horse Collar
7:11 Double-Bit Axe
19:00 Castle Age
17:52 Stone Mining
19:47 Caravan
Zig
8:53 Feudal Age
14:50 Castle Age
14:07 Double-Bit Axe
14:03 Horse Collar
18:51 Heavy Plow
19:03 Bow Saw
18:51 Man-at-Arms
19:17 Gambesons
20:51 Gold Mining
22:05 Wheelbarrow
Socrate78
7:09 Feudal Age
9:06 Wheelbarrow
11:51 Castle Age
10:35 Double-Bit Axe
12:15 Wheelbarrow
13:02 Bow Saw
16:36 Scale Barding Armor
19:05 Gold Mining
25:15 Imperial Age
Cuauhpilli
8:01 Feudal Age
11:39 Castle Age
9:59 Fletching
10:18 Scale Mail Armor
10:38 Double-Bit Axe
10:37 Horse Collar
13:24 Forging
15:33 Iron Casting
14:51 Loom
18:58 Chain Mail Armor
21:06 Town Watch
Just_jawad
0:29 Loom
9:13 Feudal Age
14:13 Castle Age
12:03 Double-Bit Axe
12:00 Horse Collar
13:11 Fletching
13:52 Padded Archer Armor
15:24 Bow Saw
Memory
1:51 Loom
9:02 Feudal Age
12:44 Castle Age
11:40 Double-Bit Axe
11:36 Horse Collar
11:50 Stone Mining
11:56 Gold Mining
13:06 Scale Barding Armor
13:45 Forging
15:10 Chain Barding Armor
18:39 Iron Casting
21:19 Husbandry
22:09 Wheelbarrow
23:09 Bloodlines
Connection lost

Rejoining the realm…

Still unreachable

The connection could not be restored.

Session expired

The server has moved on; the page needs a fresh start.